 Dungeon Crawl Stone Soup version 0.24-a0-170-gd8427f5 (webtiles) character file.

Game seed: 2146069202010218391

71 emperorscorpion the Chopper (level 4, 0/41 HPs)
             Began as a Minotaur Berserker on Mar 12, 2019.
             Was a Follower of Trog.
             Shot with an arrow by a centaur (4 damage)
             ... on level 3 of the Dungeon.
             The game lasted 00:02:12 (333 turns).

emperorscorpion the Chopper (Minotaur Berserker)     Turns: 333, Time: 00:02:13

Health: 0/41       AC:  6    Str: 22    XL:     4   Next: 5%
Magic:  3/3        EV: 10    Int:  4    God:    Trog [*.....]
Gold:   51         SH:  0    Dex: 10    Spells: 3/3 levels left

rFire    . . .     SeeInvis .   a - +0 hand axe
rCold    . . .     Gourm    .   (no shield)
rNeg     . . .     Faith    .   m - +0 scale mail
rPois    .         Spirit   .   (helmet restricted)
rElec    .         Reflect  .   (no cloak)
rCorr    .         Harm     .   (no gloves)
MR       .....                  (no boots)
Stlth    ..........             (no amulet)
HPRegen  0.13/turn              (no ring)
MPRegen  0.08/turn              (no ring)

@: no status effects
A: retaliatory headbutt, horns 2
a: Berserk, Renounce Religion


You were on level 3 of the Dungeon.
You worshipped Trog.
Trog was aware of your devotion.
You were not hungry.

You visited 1 branch of the dungeon, and saw 4 of its levels.

You collected 51 gold pieces.

Inventory:

Hand Weapons
 a - a +0 hand axe (weapon)
Armour
 b - a +0 animal skin
 h - a +3 leather armour
 m - a +0 scale mail (worn)
Scrolls
 g - a scroll of identify {unknown}
Potions
 d - a potion of curing {unknown}
 e - a potion of magic {unknown}
 f - a potion of might {unknown}
 i - a potion of flight {unknown}
 k - a potion of resistance {unknown}
 l - a potion of haste {unknown}
Comestibles
 c - a ration
 j - 3 chunks of flesh


   Skills:
 + Level 4.6 Fighting
 + Level 4.7 Axes
 + Level 2.8 Armour
 + Level 2.5 Dodging


You had 3 spell levels left.
You didn't know any spells.
Your spell library was empty.

Dungeon Overview and Level Annotations

Branches:
Dungeon (4/15)
 Temple: D:4-7

Altars:
Fedhas

Shops:
D:4 !


Innate Abilities, Weirdness & Mutations

You reflexively headbutt those who attack you in melee.
You have a pair of horns on your head.


Message History

Found an orange potion.
There is a stone staircase leading up here.
You climb upwards.
The goblin shouts!
A dart slug comes into view.
The dart slug launches a dart at you. The slug dart hits you.
Found a scroll labeled ECLAKH RIANT and 12 arrows.
There is a stone staircase leading down here.
The goblin closely misses you.
You hit the goblin.
You kill the goblin!
Trog accepts your kill.
A centaur comes into view.
The centaur wields a +0 shortbow.
The centaur shoots an arrow.
The arrow hits you!
* * * LOW HITPOINT WARNING * * *
You see here an arrow.
The centaur shoots an arrow.
The arrow hits you.
You die...

##########
#.@...c...
#(######## #.#
#.# #.# #.#
.#.#####.#
.w.....#w####..
.......>........


You could see a centaur and a dart slug.

Vanquished Creatures
  Terence (D:3)
  A worker ant (D:4)
  An adder (D:3)
  A dart slug (D:2)
  3 bats
  2 giant cockroaches (D:3)
  2 goblins (D:3)
  A kobold (D:3)
  A rat (D:3)
13 creatures vanquished.

Notes
Turn   | Place    | Note
-------+----------+-------------------------------------------
     0 | D:1      | emperorscorpion the Minotaur Berserker began the quest for
                  | the Orb.
     0 | D:1      | Reached XP level 1. HP: 19/19 MP: 0/0
    29 | D:2      | Found a blossoming altar of Fedhas.
   141 | D:3      | Noticed Terence
   151 | D:3      | Killed Terence
   151 | D:3      | Reached XP level 2. HP: 27/27 MP: 1/1
   151 | D:3      | Reached XP level 3. HP: 33/33 MP: 2/2
   153 | D:3      | Found a blossoming altar of Fedhas.
   238 | D:4      | Reached XP level 4. HP: 13/41 MP: 3/3
   247 | D:4      | Found Hutuock's Distillery.
   332 | D:3      | Noticed a centaur
   333 | D:3      | Shot with an arrow by a centaur

Levels and vault maps discovered:
D:1:      eino_arrival_water_cross, layout_basic, grunt_decor_fettered,
          minmay_pentomino_o4
D:2:      layout_rooms, lemuel_coloured_pillars_altar, lemuel_crystal_altar,
          first_ration
D:3:      layout_basic, fedhas_altar_1, uniq_terence
D:4:      minmay_chambers_of_threes, layout_basic, serial_shops, shop

Skill      XL: |  1 |
---------------+----+-----
Fighting       | 4 |  4.6
Axes           | 4 |  4.7
Armour         | |  2.8
Dodging        | |  2.5

Action                   |  1- 3 |  4- 6 || total
-------------------------+-------+-------++-------
Melee: Hand axe          |    29 |     3 ||    32
       Headbutt          |     3 |     1 ||     4
Invok: Berserk           |     2 |       ||     2
Armor: Leather armour    |     5 |       ||     5
Dodge: Dodged            |    11 |     3 ||    14

Table legend:
 A = Non-vault XP
 B = Vault XP
 C = Vault XP percentage of total XP
 D = Non-vault monster count
 E = Vault monster count
 F = Vault count percentage of total count
                 A         B        C        D         E       F
            +---------+---------+-------+---------+---------+-------
      Total |      64 |      38 |  37.3 |      12 |       1 |   7.7
            +---------+---------+-------+---------+---------+-------
        D:1 |       2 |       0 |   0.0 |       1 |       0 |   0.0
        D:2 |       4 |       0 |   0.0 |       1 |       0 |   0.0
        D:3 |      25 |      38 |  60.3 |       9 |       1 |  10.0
        D:4 |      33 |       0 |   0.0 |       1 |       0 |   0.0
            +---------+---------+-------+---------+---------+-------
